 Dungeon Crawl Stone Soup version 0.28.0-53-g5a82cb258f (webtiles) character file.

Game seed: 7231808018138618737

1300 Deemzul the Sneak (level 8, -4/78 HPs)
             Began as an Octopode Conjurer on July 24, 2022.
             Was an Initiate of Vehumet.
             Slain by Duvessa
             ... wielding a +0 short sword
              (5 damage)
             ... on level 5 of the Dungeon.
             The game lasted 00:11:55 (8985 turns).

Deemzul the Sneak (Octopode Conjurer)               Turns: 8985, Time: 00:11:55

Health: -4/78      AC: 31    Str:  3 (6)  XL:     8   Next: 57%
Magic:  14/14      EV:  2    Int: 23      God:    Vehumet [......]
Gold:   212        SH:  0    Dex:  9 (10) Spells: 10/15 levels left

rFire   . . .      SeeInvis .   w - +2 flail (protect)
rCold   . . .      Faith    .   (no shield)
rNeg    . . .      Spirit   .   (helmet currently unavailable)
rPois   +          Reflect  .   k - amulet of magic regeneration
rElec   .          Harm     .   (no ring)
rCorr   .          Rampage  .   (no ring)
Will    .....      NoTele   +   (no ring)
Stlth   +++.......              (no ring)
HPRegen 0.23/turn               (no ring)
MPRegen 0.54/turn               (no ring)
                                (no ring)
                                (no ring)

@: tree-form, under a protective aura
A: stationary, stasis, torment immunity, boosted hp, almost no armour,
(amphibious), 8 rings, (camouflage 1), (gelatinous body 1), (nimble swimmer 1),
(tentacles)
a: Renounce Religion


You were on level 5 of the Dungeon.
You worshipped Vehumet.
Vehumet was noncommittal.
You were a tree.
You visited 2 branches of the dungeon, and saw 6 of its levels.

You collected 212 gold pieces.

Inventory:

Hand Weapons
 w - a +2 flail of protection (weapon)
Jewellery
 a - an amulet of faith
 k - an amulet of magic regeneration (around neck)
Wands
 l - a wand of charming (10)
 q - a wand of polymorph (11)
Scrolls
 c - a scroll of vulnerability {unknown}
 e - a scroll of blinking {unknown}
 g - a scroll of immolation {unknown}
 i - 3 scrolls of teleportation {unknown}
 m - 2 scrolls of holy word {unknown}
 n - 3 scrolls of identify {unknown}
 o - a scroll of torment {unknown}
 r - a scroll of noise {unknown}
 u - a scroll of fog {unknown}
 v - a scroll of enchant armour {unknown}
Potions
 b - a potion of heal wounds {unknown}
 d - 2 potions of curing
 f - 3 potions of degeneration
 h - a potion of haste
 p - a potion of brilliance {unknown}


   Skills:
 - Level 3.2 Fighting
 - Level 3.1 Short Blades
 + Level 4.6 Dodging
 + Level 6.7 Stealth
 + Level 4.3 Spellcasting
 + Level 5.9 Conjurations
 + Level 1.4 Translocations


You had 10 spell levels left.
You knew the following spells:

 Your Spells              Type           Power      Damage    Failure   Level
a - Magic Dart            Conj           100%       1d8       1%          1
b - Iskenderun's Mystic   Conj/Tloc      21%        2d6       22%         4

Your spell library contained the following spells:

 Spells                   Type           Power      Damage    Failure   Level
 Searing Ray              Conj           64%        2d6       1%          2
 Dazzling Flash           Conj/Hex       36%        N/A       9%          3
 Fulminant Prism          Conj/Hex       9%         3d7       30%         4


Dungeon Overview and Level Annotations

Branches:
Dungeon (5/15)             Temple (1/1) D:5

Altars:
Ashenzari
Cheibriados
Dithmenos
Elyvilon
Fedhas
Hepliaklqana
Kikubaaqudgha
Makhleb
Nemelex Xobeh
Okawaru
Qazlal
Ru
Sif Muna
Trog
Uskayaw
Vehumet
Wu Jian
Xom
Yredelemnul
Zin
The Shining One

Annotations:
D:4 4 runed translucent doors, Edmund
D:5 Duvessa


Innate Abilities, Weirdness & Mutations

You are a tree.
Your roots penetrate the ground, keeping you stationary.
You cannot be teleported.
You are immune to unholy pain and torment.
Your maximum health is greatly increased.
You cannot wear most types of armour.
((You are amphibious.))
You can wear up to eight rings at the same time.
((Your skin changes colour to match your surroundings (Stealth+).))
((Your rubbery body absorbs attacks. (AC +1, EV +1)))
((You are camouflaged when in or above water. (Stealth+)))
((You have tentacles for arms and can constrict up to eight enemies at once.))


Message History

Duvessa hits you but does no damage. x2
You closely miss Duvessa.
Duvessa is lightly wounded.
Duvessa hits you but does no damage. Duvessa hits you with a +0 short sword.
Unknown command.
You hit Duvessa but do no damage.
Duvessa is lightly wounded.
Duvessa hits you but does no damage. Duvessa hits you with a +0 short sword!
Unknown command.
You barely miss Duvessa.
Duvessa is lightly wounded.
Duvessa hits you with a +0 short sword.
* * * LOW HITPOINT WARNING * * *
Duvessa hits you with a +0 short sword.
* * * LOW HITPOINT WARNING * * *
Unknown command.
You hit Duvessa.
Duvessa is lightly wounded.
Duvessa hits you but does no damage. x3
You hit Duvessa but do no damage.
Duvessa is lightly wounded.
Duvessa hits you but does no damage. x2
Unknown command.
You hit Duvessa. Your punch misses Duvessa.
Duvessa is moderately wounded.
Duvessa hits you with a +0 short sword!
* * * LOW HITPOINT WARNING * * *
Duvessa hits you but does no damage.
You hit Duvessa but do no damage.
Duvessa is moderately wounded.
Duvessa hits you but does no damage. x2
You hit Duvessa.
Duvessa is moderately wounded.
Duvessa hits you but does no damage. Duvessa barely misses you.
You hit Duvessa. You punch Duvessa, but do no damage.
Duvessa is moderately wounded.
Duvessa hits you with a +0 short sword!
* * * LOW HITPOINT WARNING * * *
Duvessa hits you with a +0 short sword.
You die...

#.## ##.#######.# ###.###.## #.#
.......## #.# ######## #.#
######## ### #.# #.......
..####### #.# #.###### #........
#.# #.# # .######## #.# #.# #
..######## #♣#########.######
...............e..[............[.
..###########......).....#.######
.## #..............# # ..#
#.##.........### # ..#
#.##########.# # ..##### #^#
######.## # ......#
#.#####.......# # #.###.#
#.##.......#..#######


You could see Duvessa (berserk).

Vanquished Creatures
  Sigmund (D:3)
  Menkaure (D:5)
  A scorpion (D:4)
  A wyvern zombie (D:5)
  Dowan (D:5)
  2 wights (D:4)
  A gnoll shaman (D:5)
  2 hounds
  4 orc priests
  2 iguanas (D:4)
  Ijyb (D:3)
  Jessica (D:3)
  Natasha (thrice) (D:2)
  4 orc wizards (D:4)
  Robin (D:2)
  9 gnolls
  7 adders
  An ufetubus (D:5)
  2 worms
  3 dart slugs
  14 orcs
  2 bats
  6 endoplasms
  4 giant cockroaches
  15 goblins
  13 hobgoblins
  2 quokkas
  7 ball pythons
  5 frilled lizards
  5 kobolds
  7 rats
128 creatures vanquished.

Notes
Turn   | Place    | Note
-------+----------+-------------------------------------------
     0 | D:1      | Deemzul the Octopode Conjurer began the quest for the Orb.
     0 | D:1      | Reached XP level 1. HP: 11/11 MP: 3/3
    65 | D:1      | Reached skill level 3 in Stealth
    65 | D:1      | Reached XP level 2. HP: 13/17 MP: 1/5
   487 | D:1      | Found a faded altar of an unknown god.
   516 | D:1      | Reached XP level 3. HP: 21/21 MP: 2/6
  1352 | D:2      | Noticed Natasha
  1358 | D:2      | Killed Natasha
  1359 | D:2      | Reached XP level 4. HP: 23/27 MP: 0/7
  1410 | D:2      | Noticed Natasha
  1416 | D:2      | Killed Natasha
  1417 | D:2      | Reached skill level 4 in Stealth
  1765 | D:2      | Reached XP level 5. HP: 31/31 MP: 7/9
  1868 | D:2      | Noticed Robin
  1938 | D:2      | Killed Robin
  2010 | D:2      | Noticed Natasha
  2020 | D:2      | Killed Natasha
  2460 | D:3      | Noticed Jessica
  2463 | D:3      | Killed Jessica
  2558 | D:3      | Noticed Ijyb
  2579 | D:3      | Killed Ijyb
  2580 | D:3      | Reached XP level 6. HP: 16/37 MP: 0/10
  2789 | D:3      | Noticed Sigmund
  2882 | D:4      | Found a large runed translucent door.
  2882 | D:4      | Found a large runed translucent door.
  2895 | D:4      | Found a large runed translucent door.
  2895 | D:4      | Found a large runed translucent door.
  2926 | D:4      | Reached skill level 1 in Short Blades
  2990 | D:4      | Reached skill level 5 in Stealth
  3239 | D:4      | Reached skill level 1 in Fighting
  3248 | D:4      | Reached skill level 5 in Conjurations
  3491 | D:3      | Identified the +8 plate armour "Vyfyebo" {rF+}
  4514 | D:3      | Killed Sigmund
  4515 | D:3      | Reached XP level 7. HP: 41/44 MP: 1/12
  5954 | D:4      | Reached skill level 6 in Stealth
  6450 | D:4      | Noticed Edmund
  6569 | D:4      | Reached XP level 8. HP: 51/51 MP: 9/13
  6719 | D:5      | Entered Level 5 of the Dungeon
  6756 | D:5      | Learned a level 4 spell: Iskenderun's Mystic Blast
  6842 | D:5      | Noticed Duvessa
  6850 | D:5      | HP: 1/76 [Duvessa/+0 short sword (8)]
  6920 | D:4      | HP: 1/51 [hound (2)]
  7244 | D:5      | Found a staircase to the Ecumenical Temple.
  7249 | Temple   | Entered the Ecumenical Temple
  7523 | Temple   | Became a worshipper of Vehumet
  8294 | D:5      | Reached skill level 1 in Translocations
  8356 | D:5      | Noticed Dowan
  8489 | D:5      | Killed Dowan
  8703 | D:5      | Noticed Menkaure
  8713 | D:5      | Killed Menkaure
  8985 | D:5      | HP: 1/78 [Duvessa/+0 short sword (9)]
  8985 | D:5      | Slain by Duvessa

Illustrated notes

Levels and vault maps discovered:
D:1:      dpeg_arrival_signposts, layout_basic,
          dreamdust_ecumenical_altar_angels_and_demons, supply_closet_lemuel
D:2:      layout_rooms, uniq_natasha, uniq_robin
D:3:      layout_loops_ring, uniq_sigmund, uniq_ijyb, uniq_jessica
D:4:      layout_basic, minmay_hollow_rounded_squares, uniq_edmund
D:5:      layout_loops_ring, minmay_temple_entry_trees, uniq_menkaure,
          uniq_duvessa
Temple:   minmay_crystal_snake_temple

Skill      XL: |  1  2  3  4  5  6  7  8 |
---------------+-------------------------+-----
Stealth        | 3 4 5 6 |  6.7
Dodging        | 3 4 |  4.6
Spellcasting   | 3 4 |  4.3
Short Blades   | 1 2 3 |  3.1
Fighting       | 1 2 3 |  3.2
Conjurations   | 5 |  5.9
Translocations | 1 |  1.4

Action                   |  1- 3 |  4- 6 |  7- 9 || total
-------------------------+-------+-------+-------++-------
Melee: Unarmed           |    25 |     8 |       ||    33
       Tentacles         |     9 |    12 |    15 ||    36
       Constrict         |     6 |    15 |    13 ||    34
       Dagger            |       |    34 |    13 ||    47
       Punch             |       |     1 |     1 ||     2
       Trident           |       |       |    15 ||    15
       Flail             |       |       |    41 ||    41
 Cast: Magic Dart        |    41 |   138 |   150 ||   329
  Use: Potion            |       |       |     8 ||     8
Armor: Skin              |     1 |     1 |    26 ||    28
Dodge: Dodged            |    10 |    52 |    63 ||   125
